 Dungeon Crawl Stone Soup version 0.23.2-1-ga50397a6bc (webtiles) character file.

Game seed: 2111364611494832730

1049 Marnok the Chopper (level 7, -2/79 HPs)
             Began as a Demigod Fighter on Apr 20, 2019.
             Slain by a scorpion (4 damage)
             ... in an ossuary.
             The game lasted 00:10:35 (3107 turns).

Marnok the Chopper (Demigod Fighter)                Turns: 3107, Time: 00:10:37

Health: -2/79      AC: 23    Str: 21    XL:     7   Next: 76%
Magic:  9/9        EV:  2    Int: 12    God:
Gold:   184        SH: 10    Dex: 17    Spells: 6/6 levels left

rFire    . . .     SeeInvis +   a - +1 war axe
rCold    . . .     Gourm    .   p - +0 shield
rNeg     + + +     Faith    .   (armour currently unavailable)
rPois    +         Spirit   .   (helmet currently unavailable)
rElec    .         Reflect  .   (cloak currently unavailable)
rCorr    .         Harm     .   (gloves currently unavailable)
MR       +....     NoTele   +   (boots currently unavailable)
Stlth    ++........             u - amulet of magic regeneration
HPRegen  0.23/turn              (no ring)
MPRegen  0.36/turn              (no ring)

@: lethally poisoned (-2 -> -10), tree-form, starving, hasted, very quick
A: see invisible, frail 1, high mp 1, magic resistance 1
a: no special abilities


You were in an ossuary.
You were starving.
You were a tree.
You visited 1 branch of the dungeon, and saw 4 of its levels.
You also visited: Ossuary.

You collected 184 gold pieces.

Inventory:

Hand Weapons
 a - a +1 war axe (weapon)
 b - a cursed -1 dagger
 h - a +0 whip of flaming
 o - a +0 club
 r - a +3 quarterstaff of chaos
 t - a +2 mace of crushing
Armour
 c - a +0 shield
 j - a +3 ring mail (melded)
 p - a +0 shield (worn)
 q - a +2 robe of fire resistance
 s - a +0 cloak (melded)
Jewellery
 u - an amulet of magic regeneration (around neck)
Wands
 d - a wand of disintegration (13)
 x - a wand of iceblast (5)
Scrolls
 i - 2 scrolls of identify
 n - a scroll of teleportation
 w - a scroll of remove curse
Potions
 g - 2 potions of mutation
 v - a potion of degeneration
Comestibles
 f - 5 rations


   Skills:
 + Level 4.1 Fighting
 + Level 5.6 Axes
 + Level 4.5 Armour
 + Level 2.1 Dodging
 + Level 1.1 Stealth
 + Level 4.4 Shields


You had 6 spell levels left.
You didn't know any spells.
Your spell library was empty.

Dungeon Overview and Level Annotations

Branches:
Dungeon (4/15)
 Temple: D:4-7


Innate Abilities, Weirdness & Mutations

You have an increased reservoir of magic. (+10% MP)
You have supernaturally acute eyesight. (SInv)
((Your flesh is heat resistant. (rF+)))
You are frail. (-10% HP)
You are resistant to hostile enchantments. (MR+)


Message History

You hit the scorpion zombie but do no damage.
The scorpion zombie is heavily damaged.
You hit the scorpion but do no damage. You closely miss the scorpion.
* * * LOW HITPOINT WARNING * * *
You feel sick.
The scorpion stings you but does no damage.
You hit the scorpion zombie.
The scorpion zombie is severely damaged.
You closely miss the scorpion. You hit the scorpion.
* * * LOW HITPOINT WARNING * * *
You feel sick. You block the scorpion's attack.
The scorpion stings you but does no damage.
The scorpion zombie hits you but does no damage.
You barely miss the scorpion zombie.
The scorpion zombie is severely damaged.
You closely miss the scorpion. You slash the scorpion!
You kill the scorpion!
* * * LOW HITPOINT WARNING * * *
You feel sick. The scorpion stings you.
You die...

#.......#...#...#...#
##8..†8##############
#....†..#^^^#!.!#
#...8...'^^^#!..+
#...#...#^^^#M.!#
##########'#######+##
#.....#.....#
#.....#.....#
#....♣8.....#
#....sZ.....#
#....Z......#
###8.....8###
#...........#
#...........#
#.....8.....#
+.....#.....#
#.....#.....#


You could see a scorpion and 2 scorpion zombies.

Vanquished Creatures
  Pikel (D:4)
  4 scorpions
  A centaur zombie (Ossuary)
  Crazy Yiuf (D:2)
  2 human zombies (Ossuary)
  An orc priest (D:3)
  A hound (D:4)
  An iguana (D:4)
  2 worker ants
  A big kobold zombie (Ossuary)
  A mummy (D:4)
  6 adders
  A shadow imp (D:3)
  An ooze (D:3)
  A worm (D:3)
  3 dart slugs
  4 leopard geckos
  7 orcs (D:3)
  2 ball pythons
  3 giant cockroaches
  7 goblins
  5 hobgoblins
  6 jackals (D:1)
  7 bats
  4 frilled lizards
  A gnoll zombie (Ossuary)
  A goblin zombie (D:4)
  A hobgoblin zombie (Ossuary)
  12 kobolds
  A kobold zombie (D:4)
  7 rats
96 creatures vanquished.

Notes
Turn   | Place    | Note
-------+----------+-------------------------------------------
     0 | D:1      | Marnok the Demigod Fighter began the quest for the Orb.
     0 | D:1      | Reached XP level 1. HP: 18/18 MP: 3/3
   127 | D:1      | Reached XP level 2. HP: 11/25 MP: 4/4
   357 | D:1      | Reached skill level 2 in Axes
   729 | D:1      | Reached XP level 3. HP: 31/31 MP: 5/5
  1067 | D:2      | Found a runed translucent door.
  1194 | D:2      | Noticed Crazy Yiuf
  1202 | D:2      | Killed Crazy Yiuf
  1202 | D:2      | Reached XP level 4. HP: 20/38 MP: 6/6
  1278 | D:2      | Reached skill level 3 in Axes
  1769 | D:2      | Gained mutation: You are frail. (-10% HP) [potion of
                  | mutation]
  1769 | D:2      | Gained mutation: You have supernaturally acute eyesight.
                  | (SInv) [potion of mutation]
  1769 | D:2      | Gained mutation: Your flesh is heat resistant. (rF+)
                  | [potion of mutation]
  1769 | D:2      | Gained mutation: You are resistant to hostile enchantments.
                  | (MR+) [potion of mutation]
  2009 | D:3      | Reached XP level 5. HP: 36/40 MP: 7/7
  2050 | D:3      | Reached skill level 1 in Dodging
  2088 | D:3      | Found a hazy altar of Hepliaklqana.
  2467 | D:3      | Found a snail-covered altar of Cheibriados.
  2561 | D:4      | Noticed a slave
  2561 | D:4      | Noticed a slave
  2562 | D:4      | Noticed Pikel
  2568 | D:4      | Noticed a slave
  2568 | D:4      | Noticed a slave
  2614 | D:4      | Killed Pikel
  2614 | D:4      | Reached skill level 4 in Axes
  2614 | D:4      | Reached XP level 6. HP: 38/46 MP: 8/8
  2614 | D:4      | Reached XP level 7. HP: 43/52 MP: 9/9
  2711 | D:4      | Found a sand-covered staircase.
  2716 | D:4      | Reached skill level 1 in Stealth
  2767 | D:4      | Reached skill level 5 in Axes
  2793 | Ossuary  | Entered an ossuary
  3106 | Ossuary  | HP: 3/79 [poisoned by a scorpion]
  3107 | Ossuary  | Slain by a scorpion

Skill      XL: |  1  2  3  4  5  6  7 |
---------------+----------------------+-----
Axes           | 2 3 4 5 |  5.6
Armour         | 3 4 |  4.5
Fighting       | 3 4 |  4.1
Shields        | 3 4 |  4.4
Dodging        | 1 2 |  2.1
Stealth        | 1 |  1.1

Action                   |  1- 3 |  4- 6 |  7- 9 || total
-------------------------+-------+-------+-------++-------
Melee: War axe           |   127 |   123 |    55 ||   305
  Use: Scroll            |       |     7 |     2 ||     9
       Potion            |       |     8 |     4 ||    12
  Eat: Ration            |       |     1 |       ||     1
       Chunk             |       |     2 |       ||     2
Armor: Scale mail        |    56 |       |       ||    56
       Ring mail         |     3 |    55 |    51 ||   109
       Skin              |       |       |     5 ||     5
Dodge: Dodged            |    31 |    40 |    33 ||   104
Block: Shield            |    63 |    64 |    65 ||   192
